 Dungeon Crawl Stone Soup version 0.27-a0-328-g7f782ed93a (webtiles) character file.

Game seed: 16524334599311998516

9 CurlyBrace the Caller (level 2, 6/12 HPs)
             Began as a Felid Summoner on Feb 11, 2021.
             Quit the game on level 4 of the Dungeon.
             The game lasted 00:02:01 (260 turns).

CurlyBrace the Caller (Felid Summoner)               Turns: 260, Time: 00:02:01

Health: 6/12       AC:  1    Str:  4    XL:     2   Next: 3%
Magic:  1/6        EV: 18    Int: 16    God:
Gold:   16         SH:  0    Dex: 16    Spells: 4/5 levels left
                                        Lives:  0   Deaths: 0

rFire    . . .     SeeInvis +   (weapon unavailable)
rCold    . . .     Faith    .   (shield unavailable)
rNeg     . . .     Spirit   .   (armour unavailable)
rPois    .         Reflect  .   (helmet unavailable)
rElec    .         Harm     .   (cloak unavailable)
rCorr    .         Rampage  .   (gloves unavailable)
Will     .....                  (boots unavailable)
Stlth    +++.......             (no amulet)
HPRegen  0.04/turn              (no ring)
MPRegen  0.10/turn              (no ring)

@: quick
A: very small, no armour, no weapons or thrown items, stealth, claws 1, fangs 3,
see invisible, speed 1, shaggy fur 1, sharp paws
a: no special abilities


You were on level 4 of the Dungeon.
You visited 1 branch of the dungeon, and saw 5 of its levels.

You collected 16 gold pieces.

Inventory:

Scrolls
 a - a scroll of identify {unknown}


   Skills:
 * Level 0.8 Fighting
 + Level 2.9 Dodging
 + Level 2.9 Stealth
 * Level 0.8 Unarmed Combat
 - Level 2.0 Spellcasting
 - Level 4.0 Summonings


You had 4 spell levels left.
You knew the following spells:

 Your Spells              Type           Power        Failure   Level
a - Summon Small Mammal   Summ           56%          4%          1

Your spell library contained the following spells:

 Spells                   Type           Power        Failure   Level
 Call Imp                 Summ           14%          6%          2
 Call Canine Familiar     Summ           14%          12%         3
 Summon Guardian Golem    Hex/Summ       8%           26%         3
 Summon Ice Beast         Ice/Summ       8%           65%         4
 Summon Lightning Spire   Summ/Air       8%           65%         4


Dungeon Overview and Level Annotations

Branches:
Dungeon (5/15)
 Temple: D:4-7

Altars:

Annotations:
D:4 Natasha


Innate Abilities, Weirdness & Mutations

You cannot wear armour.
You are incapable of wielding weapons or throwing items.
Your paws allow you to move quietly. (Stealth)
You have sharp claws.
You have razor-sharp teeth.
You have supernaturally acute eyesight. (SInv)
You cover ground quickly.
You are covered in fur. (AC +1)
Your sharp claws are effective at attacking unaware monsters.


Message History

Your quokka dies!
Your quokka's corpse disappears in a puff of smoke!
Unknown command.
Unknown command.
You swap places.
Your bat barely misses the orc.
Unknown command.
Unknown command.
What are your orders? t - Meow!
Orders for allies: a - Attack new target. r - Retreat! s - Stop attacking. g - Guard the area. f - Follow me.
Anything else - Cancel.
Gang up on whom?
Press: ? - help, Dir - move target, f - Natasha
Aim: Natasha (blue smoke, heavily wounded) Attack!
Your bat barely misses the orc.
Your rat misses Natasha. Natasha claws your rat.
Your rat dies!
Your rat's corpse disappears in a puff of smoke!
Unknown command.
Unknown command.
You barely miss the orc.
Your bat hits Natasha but does no damage.
Your rat bites Natasha but does no damage.
Natasha claws your rat!
Your rat dies!
Your rat's corpse disappears in a puff of smoke!
The orc barely misses you.
Unknown command.
Natasha casts a spell.
Your bat hits Natasha but does no damage.
Your bat hits Natasha. 2 orcs come into view.
Found a plate armour.
An orc comes into view.
The orc shouts! x2; You hear a shout!
An orc comes into view. It is wielding a +0 short sword.
Found 7 gold pieces.
Are you sure you want to abandon this character and quit the game? (Confirm with "yes".)

+......#
#......#.o$.#
#......##o..#
########.....>##...##
......#.......#..[..#
.<....##......##o...#
......######'###...#
......##.......#.o.#
......##.......+@..#
.......#.......#...#
.......#....5b.#o..#
......##......##...#
.....<##......##...#
.......#...........##
......##............#
......##............#
......##......##....#


You could see 5 orcs.

Vanquished Creatures
  A giant cockroach (D:2)
  A hobgoblin (D:2)
  A frilled lizard (D:3)
  A quokka skeleton (D:4)
4 creatures vanquished.

Vanquished Creatures (collateral kills)
  An adder (D:2)
1 creature vanquished.

Grand Total: 5 creatures vanquished

Notes
Turn   | Place    | Note
-------+----------+-------------------------------------------
     0 | D:1      | CurlyBrace the Felid Summoner began the quest for the Orb.
     0 | D:1      | Reached XP level 1. HP: 7/7 MP: 4/4
     6 | D:1      | You fall into a shaft and drop 1 floor!
   118 | D:3      | Reached XP level 2. HP: 8/12 MP: 6/6
   223 | D:4      | Noticed Natasha
   228 | D:5      | Entered Level 5 of the Dungeon
   260 | D:4      | Quit the game

Illustrated notes

Levels and vault maps discovered:
D:1:      dpeg_arrival_prison, layout_basic, minmay_pentomino_x4
D:2:      layout_basic, wander_ebering_terrifying_dragon_lair
D:3:      layout_loops_ring
D:4:      layout_gridville, overflow_temple_1_default, uniq_menkaure,
          uniq_natasha
D:5:      layout_basic, minmay_temple_entry_hall

Action                   || total
-------------------------++-------
Melee: Unarmed           ||    25
       Bite              ||     1
 Cast: Summon Small Mamm ||     9
  Use: Potion            ||     1
 Stab: Sleeping          ||     3
Armor: Skin              ||     3
Dodge: Dodged            ||    29

Table legend: (Time is in decaauts)
 A = Elapsed time spent in this place.
 B = Non-inter-level travel time spent in this place.
 C = Inter-level travel time spent in this place.
 D = Time resting spent in this place.
 E = Time spent auto-exploring this place.
 F = Levels seen in this place.
 G = Mean time per level.
                   A        B        C        D        E       F      G
               +--------+--------+--------+--------+--------+-----+--------+
         Total |    221 |    221 |      0 |      0 |      0 |   5 |   44.2 |
       Dungeon |    221 |    221 |      0 |      0 |      0 |   5 |   44.2 |
               +--------+--------+--------+--------+--------+-----+--------+

Top non-repeatable levels by time:
     D:4: 105 daAuts
     D:2: 85 daAuts
     D:3: 16 daAuts
     D:1: 12 daAuts
     D:5: 1 daAuts
